 Dungeon Crawl Stone Soup version 0.31-a0-426-g3a05650e59 (webtiles) character file.

Game seed: 3246821604686006914

61 shadowstone the Gusty (level 4, 0/24 HPs)
             Began as a Tengu Air Elementalist on July 30, 2023.
             Slain by a gnoll
             ... wielding a +0 club
              (2 damage)
             ... on level 2 of the Dungeon.
             The game lasted 00:07:45 (3524 turns).

shadowstone the Gusty (Tengu Air Elementalist)      Turns: 3524, Time: 00:07:46

Health: 0/24       AC:  2    Str:  8    XL:     4   Next: 7%
Magic:  6/8        EV: 13    Int: 23    God:
Gold:   53         SH:  0    Dex: 15    Spells: 6/7 levels left

rFire   . . .        h - +0 glaive
rCold   . . .        (shield currently unavailable)
rNeg    . . .        d - +0 robe
rPois   .            (helmet restricted)
rElec   .            (no cloak)
rCorr   .            (no gloves)
SInv    .            (boots unavailable)
Will    .....        (no amulet)
Stlth   ++           l - +6 ring of intelligence
HPRegen 0.24/turn    (no ring)
MPRegen 0.11/turn

%: no passive effects
@: no status effects
A: beak, talons 3
a: no special abilities


You were on level 2 of the Dungeon.
You visited 1 branch of the dungeon, and saw 2 of its levels.

You collected 53 gold pieces.

Inventory:

Hand Weapons
 f - a +0 dagger
 h - a +0 glaive (weapon)
Armour
 a - a +0 robe
 d - a +0 robe (worn)
Jewellery
 l - a +6 ring of intelligence (left hand)
Scrolls
 j - a scroll of identify
 k - a scroll of blinking {unknown}
 m - a scroll of silence {unknown}
Potions
 b - a potion of magic
 c - a potion of ambrosia {unknown}
 e - a potion of degeneration {unknown}
 g - a potion of curing {unknown}
 i - a potion of invisibility {unknown}


   Skills:
 + Level 0.4 Fighting
 + Level 0.6 Short Blades
 + Level 0.7 Polearms
 + Level 2.8 Dodging
 + Level 2.5 Stealth
 + Level 2.3 Spellcasting
 + Level 1.7 Conjurations
 + Level 4.6 Air Magic


You had 6 spell levels left.
You knew the following spells:

 Your Spells              Type           Power      Damage    Failure   Level
a - Shock                 Conj/Air       68%        1d7       3%          1

Your spell library contained the following spells:

 Spells                   Type           Power      Damage    Failure   Level
 Static Discharge         Conj/Air       34%        2-4/arc   4%          2
 Swiftness                Air            24%        N/A       5%          3
 Airstrike                Air            12%        2d(2-18)  19%         4


Dungeon Overview and Level Annotations

Branches:
Dungeon (2/15)

Altars:
Kikubaaqudgha
Ru


Innate Abilities, Weirdness & Mutations

You have a beak for a mouth.
You have claws for feet.


Message History

You see here a dart slug corpse.
Things that are here:
a +0 dagger; a goblin corpse
j - a scroll of identify
There are no items here.
Things that are here:
a +0 dagger; a goblin corpse
Found a blackened glass wand. 2 gnolls come into view.
Found a scroll labelled SOZEKHEAMA.
Found a scroll of revelation.
The gnoll shouts!
A gnoll comes into view. It is wielding a +0 halberd.
You see here a wand of iceblast (8).
You see here a scroll labelled SOZEKHEAMA.
k - a scroll labelled SOZEKHEAMA The gnoll hits you with a +0 whip.
The gnoll misses you. The gnoll attacks as you move away!
The gnoll hits you with a +0 club.
* * * LOW HITPOINT WARNING * * *
Casting: Shock (safe; 3% risk of failure)
Confirm with . or Enter, or press ? or * to list all spells.
Aiming: Shock (safe; 3% risk of failure)
Press: ? - help, Shift-Dir - straight line The zap hits the gnoll.
The gnoll is lightly wounded.
The zap hits the gnoll.
The gnoll is severely wounded.
The gnoll hits you with a +0 whip.
* * * LOW HITPOINT WARNING * * *
The gnoll hits you with a +0 club.
* * * LOW HITPOINT WARNING * * *
Casting: Shock (safe; 3% risk of failure)
Confirm with . or Enter, or press ? or * to list all spells.
Aiming: Shock (safe; 3% risk of failure)
Press: ? - help, Shift-Dir - straight line The zap hits the gnoll but does no damage.
The gnoll is severely wounded.
The zap misses the gnoll.
The gnoll closely misses you. The gnoll hits you with a +0 club.
You die...

#..#.#
#..#.#,..,,,,,...
#....#
####.....,,,,****###
#.##.# #.........****
#.##.# #.###.#.###
#.#*,# #.# *,#,*
######.##,* #.# *.#,*
****#
.......##.####.###.#,*
*,...
#########......g/..#.#
*,###
****#......g@....# *,*
*,,?..####.####### *,*
*,*#*** #.# *,* *,*
#.# *,* *,* #.# *,***
*,* #.# *,,,, ## *,*
#.# ****, .#
*,########.## *, .#
*,........).# *,


You could see 2 gnolls.

Vanquished Creatures
  A worm (D:2)
  3 dart slugs
  3 bats
  5 endoplasms
  3 giant cockroaches
  3 goblins
  7 hobgoblins
  4 jackals (D:1)
  5 kobolds (D:1)
  2 quokkas (D:1)
  2 ball pythons
  4 frilled lizards
  4 rats
46 creatures vanquished.

Notes
Turn   | Place    | Note
-------+----------+-------------------------------------------
     0 | D:1      | shadowstone the Tengu Air Elementalist began the quest for
                  | the Orb.
     0 | D:1      | Reached XP level 1. HP: 10/10 MP: 4/4
   231 | D:1      | Reached XP level 2. HP: 15/15 MP: 4/6
  1735 | D:1      | Reached XP level 3. HP: 13/19 MP: 2/7
  3246 | D:2      | Found a faded altar of an unknown god.
  3262 | D:2      | Prayed at the altar of an unknown god.
  3262 | D:2      | Became a worshipper of Ru the Awakened
  3263 | D:2      | Fell from the grace of Ru
  3283 | D:2      | Found an ancient bone altar of Kikubaaqudgha.
  3407 | D:2      | Reached XP level 4. HP: 16/24 MP: 0/8
  3524 | D:2      | Slain by a gnoll

Illustrated notes

Levels and vault maps discovered:
D:1:      psy_arrival_heroes, layout_loops_corners
D:2:      layout_loops_ring, hellmonk_ecumenical_altar_arch_garden, basic_altar

Action                     |  1- 3 |  4- 6 || total
---------------------------+-------+-------++-------
  Melee: Unarmed           |     5 |       ||     5
         Dagger            |    18 |       ||    18
         Kick              |    11 |     1 ||    12
         Peck              |     9 |     3 ||    12
         Glaive            |    27 |     7 ||    34
   Cast: Shock             |    58 |     2 ||    60
 Invoke: Renounce Religion |     1 |       ||     1
    Use: Scroll            |       |     2 ||     2
   Stab: Sleeping          |     1 |     1 ||     2
 Armour: Robe              |    19 |     2 ||    21
  Dodge: Dodged            |    79 |     6 ||    85

Table legend: (Time is in decaauts)
 A = Elapsed time spent in this place.
 B = Non-inter-level travel time spent in this place.
 C = Inter-level travel time spent in this place.
 D = Time resting spent in this place.
 E = Time spent auto-exploring this place.
 F = Levels seen in this place.
 G = Mean time per level.
                   A        B        C        D        E       F      G
               +--------+--------+--------+--------+--------+-----+--------+
         Total |   3545 |   3538 |      7 |   2066 |    477 |   2 | 1772.5 |
       Dungeon |   3545 |   3538 |      7 |   2066 |    477 |   2 | 1772.5 |
               +--------+--------+--------+--------+--------+-----+--------+

Top non-repeatable levels by time:
     D:1: 3105 daAuts
     D:2: 439 daAuts
